 Dungeon Crawl Stone Soup version 0.23.0 (webtiles) character file.

Game seed: 2856068630448632879

229 Murks the Sneak (level 6, 0/30 HPs)
             Began as a Vine Stalker Enchanter on Feb 19, 2019.
             Was a Follower of Uskayaw.
             Succumbed to a worker ant's poison
             ... on level 4 of the Dungeon.
             The game lasted 00:06:37 (3371 turns).

Murks the Sneak (Vine Stalker Enchanter)            Turns: 3371, Time: 00:06:37

Health: 0/30       AC:  5    Str: 11    XL:     6   Next: 3%
Magic:  0/10       EV: 12    Int: 15    God:    Uskayaw [*.....]
Gold:   172        SH:  0    Dex: 16    Spells: 3/9 levels left

rFire    . . .     SeeInvis .   a - +1 dagger
rCold    . . .     Gourm    .   (no shield)
rNeg     . . .     Faith    .   b - +0 robe
rPois    .         Spirit   +   (helmet restricted)
rElec    .         Reflect  .   x - +0 cloak
rCorr    .         Harm     .   (no gloves)
MR       .....                  (no boots)
Stlth    +++.......             u - amulet of the acrobat
HPRegen  0.50/turn              (no ring)
MPRegen  0.12/turn              (no ring)

@: lethally poisoned (0 -> -9)
A: fangs 2, horns 1, iridescent scales 1, regeneration 1, robust 1, magic
shield, antimagic bite, no potion heal 3, rot immunity
a: Stomp, Renounce Religion


You were on level 4 of the Dungeon.
You worshipped Uskayaw.
Uskayaw was noncommittal.
You were hungry.

You visited 1 branch of the dungeon, and saw 4 of its levels.

You collected 172 gold pieces.

Inventory:

Hand Weapons
 a - a +1 dagger (weapon)
Armour
 b - a +0 robe (worn)
 x - a +0 cloak (worn)
Jewellery
 u - an amulet of the acrobat (around neck)
Wands
 p - a wand of digging (5)
 r - a wand of clouds (6)
 y - a wand of flame (18)
Scrolls
 c - a scroll of teleportation {unknown}
 f - 2 scrolls of amnesia {unknown}
 h - a scroll of enchant armour {unknown}
 i - 3 scrolls of remove curse {unknown}
 k - 2 scrolls of blinking {unknown}
 l - a scroll of fog {unknown}
 n - 2 scrolls of identify {unknown}
 q - a scroll of enchant weapon {unknown}
Potions
 g - a potion of ambrosia {unknown}
 j - a potion of berserk rage {unknown}
 m - a potion of brilliance {unknown}
 o - a potion of flight {unknown}
 s - a potion of heal wounds {unknown}
 t - a potion of resistance {unknown}
 v - a potion of magic {unknown}
 w - a potion of lignification {unknown}
 z - a potion of degeneration {unknown}
Comestibles
 d - 12 rations


   Skills:
 + Level 3.0 Short Blades
 - Level 1.5 Dodging
 + Level 5.6 Stealth
 - Level 2.1 Spellcasting
 + Level 4.4 Hexes


You had 3 spell levels left.
You knew the following spells:

 Your Spells              Type           Power        Failure   Level  Hunger
a - Corona                Hex            ###....      3%          1    #......
b - Ensorcelled Hibernat  Hex/Ice        #.....       13%         2    ###....
c - Dazzling Spray        Conj/Hex       #.....       26%         3    ###....

Your spell library contained the following spells:

 Spells                   Type           Power        Failure   Level  Hunger
 Confuse                  Hex            ###.....     11%         3    ###....
 Tukima's Dance           Hex            ###.....     11%         3    ###....


Dungeon Overview and Level Annotations

Branches:
Dungeon (4/15)             Temple (0/1) D:4

Altars:
Gozag
Kikubaaqudgha
Okawaru
Sif Muna
Uskayaw
Vehumet
Yredelemnul


Innate Abilities, Weirdness & Mutations

You have extremely sharp teeth.
Your natural rate of healing is unusually fast.
When hurt, damage is shared between your health and your magic reserves.
Your bite disrupts and absorbs the magic of your enemies.
Potions cannot restore your health.
You are immune to rotting.
You have a pair of small horns on your head.
You are partially covered in iridescent scales. (AC +2)
You are robust. (+10% HP)


Message History

You feel sick. The worker ant bites you.
You barely miss the worker ant. Your bite misses the worker ant.
The worker ant is moderately wounded.
You feel sick. The worker ant bites you.
* * * LOW HITPOINT WARNING * * *
* * * LOW HITPOINT WARNING * * *
You feel sick.
It was a potion of mutation.
You feel extremely strange.
You feel robust.
Iridescent scales grow over part of your body.
A pair of horns grows on your head!
* * * LOW HITPOINT WARNING * * *
You feel sick. The worker ant bites you.
* * * LOW HITPOINT WARNING * * *
You are more poisoned.
The worker ant poisons you!
You hit the worker ant but do no damage.
Your bite misses the worker ant.
The worker ant is moderately wounded.
You die...

#.##.## #.##.# #.##.#
##.##.## ##...#.#.
##..#...#. ##...#...#.
############..#.#.#...
#...a@....#....###....
##
#.#######...#...#...#.
.. #.# ##....#.....#..
#.####.#
#..#####.>.####
#......#
##....#.....#..
#..#####
#...#...#...#. #..
#.#....###.... #..
#.#...#.#.#... #..
#.......#...#.


You could see a worker ant.

Vanquished Creatures
  3 hounds
  A worker ant (D:4)
  A howler monkey zombie (D:4)
  3 adders
  3 oozes
  A dart slug (D:2)
  3 leopard geckos
  5 orcs (D:3)
  7 bats
  A giant cockroach (D:1)
  7 goblins
  6 hobgoblins
  5 kobolds
  2 quokkas
  A ball python (D:3)
  4 frilled lizards
  8 rats
61 creatures vanquished.

Notes
Turn   | Place    | Note
-------+----------+-------------------------------------------
     0 | D:1      | Murks the Vine Stalker Enchanter began the quest for the
                  | Orb.
     0 | D:1      | Reached XP level 1. HP: 9/9 MP: 4/4
    29 | D:1      | Reached skill level 1 in Short Blades
    37 | D:1      | Reached XP level 2. HP: 8/13 MP: 3/6
   100 | D:1      | Reached skill level 4 in Stealth
   601 | D:1      | Reached XP level 3. HP: 16/16 MP: 7/7
   964 | D:1      | Learned a level 2 spell: Ensorcelled Hibernation
  1475 | D:2      | Found an opulent altar of Gozag.
  1475 | D:2      | Found an iron altar of Okawaru.
  1476 | D:2      | Found a hide-covered altar of Uskayaw.
  1476 | D:2      | Found an ancient bone altar of Kikubaaqudgha.
  1478 | D:2      | Found a basalt altar of Yredelemnul.
  1478 | D:2      | Found a radiant altar of Vehumet.
  1479 | D:2      | Found a deep blue altar of Sif Muna.
  1579 | D:2      | Became a worshipper of Uskayaw the Reveler
  1782 | D:2      | Gained mutation: Your natural rate of healing is unusually
                  | fast. [Vine Stalker growth]
  1782 | D:2      | Reached XP level 4. HP: 21/21 MP: 8/8
  1782 | D:2      | Reached * piety under Uskayaw
  2431 | D:3      | Reached ** piety under Uskayaw
  2641 | D:3      | Reached skill level 5 in Stealth
  2648 | D:3      | Reached *** piety under Uskayaw
  2652 | D:3      | Reached XP level 5. HP: 23/24 MP: 5/9
  3237 | D:4      | Found a staircase to the Ecumenical Temple.
  3275 | D:4      | Reached XP level 6. HP: 21/28 MP: 7/10
  3304 | D:4      | Learned a level 3 spell: Dazzling Spray
  3370 | D:4      | Gained mutation: You are robust. (+10% HP) [potion of
                  | mutation]
  3370 | D:4      | Gained mutation: You are partially covered in iridescent
                  | scales. (AC +2) [potion of mutation]
  3370 | D:4      | Gained mutation: You have a pair of small horns on your
                  | head. [potion of mutation]
  3371 | D:4      | Succumbed to a worker ant's poison

Skill      XL: |  1  2  3  4  5 |
---------------+----------------+-----
Short Blades   | 1 2 3 |  3.0
Stealth        | 4 5 |  5.6
Hexes          | 4 |  4.4
Dodging        | |  1.5
Spellcasting   | |  2.1

Action                   |  1- 3 |  4- 6 || total
-------------------------+-------+-------++-------
Melee: Dagger            |   117 |   132 ||   249
       Bite              |    26 |    26 ||    52
 Cast: Ensorcelled Hiber |     5 |     5 ||    10
  Use: Potion            |       |     1 ||     1
 Stab: Sleeping          |    10 |     6 ||    16
       Paralysed         |       |     3 ||     3
  Eat: Chunk             |     2 |     6 ||     8
Armor: Robe              |    25 |    12 ||    37
Dodge: Dodged            |    84 |    77 ||   161
